[Event "SVK-ch Open 2018"]
[Site "Banska Stiavnica"]
[Date "2018.07.08"]
[Round "2"]
[White "Aczel, Gergely"]
[Black "Hrbek, Stepan"]
[Result "1-0"]
[ECO "D27"]
[WhiteElo "2543"]
[BlackElo "2129"]
[Annotator "ChessBase"]
[PlyCount "101"]
[EventDate "2018.07.07"]
[EventType "swiss"]
[EventCountry "SVK"]
[SourceTitle "playchess.com"]
[Source "ChessBase"]
[SourceQuality "1"]
[TimeControl "40/5400+30:1800+30"]

1. d4 d5 2. c4 dxc4 3. e3 Nf6 4. Bxc4 e6 5. Nf3 c5 6. O-O a6 7. Bd3 Nc6 8. a3 Be7 9. dxc5 Bxc5 10. b4 Be7 11. Bb2 b5 12. Qe2 Qb6 13. Nbd2 Bb7 14. Nb3 O-O 15. Rac1 Nd7 16. Bxh7+ Kxh7 17. Qd3+ Kg8 18. Qxd7 Bxb4 19. Nfd4 Rfd8 20. Rxc6 Bxc6 21. Qxc6 Qxc6 22. Nxc6 Rd3 23. axb4 Rxb3 24. Bd4 Kh7 25. Bc5 Rc8 26. Nd4 Rb2 27. Bd6 Rc3 28. g4 e5 29. Bxe5 Rxb4 30. Ra1 Ra4 31. Rb1 b4 32. Kg2 a5 33. Kf3 Ra2 34. h4 f6 35. Bd6 Rd2 36. Ke4 Rxf2 37. g5 fxg5 38. hxg5 Kg6 39. Be5 Rc8 40. Ne6 Ra8 41. Nf4+ Kf7 42. g6+ Kg8 43. Rc1 a4 44. Rc7 Rxf4+ 45. exf4 a3 46. Rxg7+ Kf8 47. Rf7+ Ke8 48. Rb7 Kf8 49. Rh7 Re8 50. Rh8+ Ke7 51. g7 1-0

[Event "SVK-ch Open 2018"]
[Site "Banska Stiavnica"]
[Date "2018.07.08"]
[Round "2"]
[White "Bokros, Albert"]
[Black "Bronis, Marian"]
[Result "1-0"]
[ECO "B28"]
[WhiteElo "2483"]
[BlackElo "2101"]
[Annotator "ChessBase"]
[PlyCount "53"]
[EventDate "2018.07.07"]
[EventType "swiss"]
[EventCountry "SVK"]
[SourceTitle "playchess.com"]
[Source "ChessBase"]
[SourceQuality "1"]
[TimeControl "40/5400+30:1800+30"]

1. e4 c5 2. Nf3 a6 3. c4 e6 4. Nc3 Nc6 5. Be2 d6 6. d4 cxd4 7. Nxd4 Nf6 8. Be3 Be7 9. O-O Ne5 10. Rc1 O-O 11. b3 Qc7 12. f4 Ned7 13. Bf3 Re8 14. g4 e5 15. Nf5 exf4 16. Bxf4 Ne5 17. g5 Nxf3+ 18. Qxf3 Nxe4 19. Qxe4 Qc5+ 20. Be3 Bxf5 21. Rxf5 Qc8 22. Qf3 g6 23. Rxf7 Qe6 24. Rf1 Qe5 25. Nd5 Bxg5 26. Bxg5 Qxg5+ 27. Kh1 1-0

[Event "SVK-ch Open 2018"]
[Site "Banska Stiavnica"]
[Date "2018.07.08"]
[Round "2"]
[White "Talla, Vladimir"]
[Black "Vyletel, Samuel"]
[Result "1-0"]
[ECO "D43"]
[WhiteElo "2402"]
[BlackElo "1798"]
[Annotator "NA"]
[PlyCount "45"]
[EventDate "2018.07.07"]
[EventType "swiss"]
[EventCountry "SVK"]
[SourceTitle "playchess.com"]
[Source "ChessBase"]
[SourceQuality "1"]
[TimeControl "40/5400+30:1800+30"]

1. d4 d5 2. c4 c6 3. Nf3 Nf6 4. Nc3 e6 5. Bg5 h6 6. Bh4 (6. Bxf6 $5 Qxf6 7. e3 $14) 6... Nbd7 7. e3 Be7 8. Bd3 dxc4 9. Bxc4 b5 10. Bd3 Bb7 11. O-O a6 12. a4 O-O 13. Rc1 {[%emt 0:02:12] LiveBook: 29 Games} Rc8 14. Ne5 {[%emt 0:15:57] Nxe} Nxe5 15. dxe5 Nd5 16. Bxe7 Qxe7 (16... Nxc3 $11 {keeps the balance.} 17. Bh7+ (17. Bxd8 Nxd1 18. Rfxd1 Rfxd8 $11) (17. Rxc3 Qxe7 18. Qe2 Rfd8 $11) 17... Kh8 18. Bxd8 Nxd1) 17. Ne4 $14 Nb6 18. Qg4 Nd5 19. Nd6 Rcd8 20. Qd4 f6 21. f4 fxe5 22. fxe5 g5 23. Qe4 1-0

[Event "SVK-ch Open 2018"]
[Site "Banska Stiavnica"]
[Date "2018.07.08"]
[Round "2"]
[White "Jablonicky, Martin"]
[Black "Treybal, Dusan"]
[Result "1-0"]
[ECO "C63"]
[WhiteElo "2356"]
[BlackElo "2081"]
[Annotator "NA"]
[PlyCount "39"]
[EventDate "2018.07.07"]
[EventType "swiss"]
[EventCountry "SVK"]
[SourceTitle "playchess.com"]
[Source "ChessBase"]
[SourceQuality "1"]
[TimeControl "40/5400+30:1800+30"]

1. e4 e5 2. Nf3 Nc6 3. Bb5 f5 4. d4 fxe4 5. Nxe5 Nxe5 6. dxe5 c6 7. Nc3 d5 8. Qxd5 Qxd5 ({Lieber} 8... cxb5 $15 9. Qxb5+ Bd7 10. Qxb7 Qc8 11. Qxe4 Bc6) 9. Nxd5 cxb5 $2 ({Lieber} 9... Kd7 $14) 10. Nc7+ Kd8 11. Nxa8 Be6 12. Be3 b6 13. a4 Kc8 14. axb5 Kb7 15. O-O (15. Nc7 $142 Bc8 16. Nd5) 15... Ne7 16. Nc7 Bc4 $18 (16... Kxc7 {war nötig.} 17. Rxa7+ Kb8) 17. Ne8 Bxf1 18. Nd6+ Kb8 19. Kxf1 Ng6 20. Nxe4 1-0

[Event "SVK-ch Open 2018"]
[Site "Banska Stiavnica"]
[Date "2018.07.08"]
[Round "2"]
[White "Vojtek, Vladimir"]
[Black "Brhel, Jan"]
[Result "1-0"]
[ECO "C41"]
[WhiteElo "2310"]
[BlackElo "2070"]
[Annotator "NA"]
[PlyCount "65"]
[EventDate "2018.07.07"]
[EventType "swiss"]
[EventCountry "SVK"]
[SourceTitle "playchess.com"]
[Source "ChessBase"]
[SourceQuality "1"]
[TimeControl "40/5400+30:1800+30"]

1. e4 e5 2. Nf3 d6 3. h3 Nf6 4. Nc3 Be7 5. Bc4 Nc6 6. d3 O-O 7. Be3 Na5 8. Qe2 {[%emt 0:00:41] LiveBook: 3 Games} c6 9. Bb3 Re8 10. O-O-O Nxb3+ 11. axb3 b5 12. d4 Qc7 $17 13. d5 b4 14. Na4 cxd5 15. exd5 Qa5 16. Nd2 Bd7 17. Nc4 Qa6 18. g4 Bb5 19. g5 Nd7 20. Rhg1 Rac8 21. Rg4 Rc7 22. h4 Rec8 23. h5 Bxa4 24. g6 fxg6 25. hxg6 h5 26. Qf3 Nf6 27. Rh4 Bd7 28. Rdh1 Kf8 29. Rxh5 Ke8 30. Rh8+ Bf8 31. Qxf6 gxf6 32. g7 Ke7 33. R1h7 1-0

[Event "SVK-ch Open 2018"]
[Site "Banska Stiavnica"]
[Date "2018.07.08"]
[Round "2"]
[White "Urhegyi, Marton"]
[Black "Odler, Daniel"]
[Result "1-0"]
[ECO "B40"]
[WhiteElo "2303"]
[BlackElo "2067"]
[Annotator "NA"]
[PlyCount "41"]
[EventDate "2018.07.07"]
[EventType "swiss"]
[EventCountry "SVK"]
[SourceTitle "playchess.com"]
[Source "ChessBase"]
[SourceQuality "1"]
[TimeControl "40/5400+30:1800+30"]

1. e4 c5 2. Nf3 e6 3. c3 Nf6 4. e5 Nd5 5. d4 cxd4 6. cxd4 Nc6 7. a3 d6 8. Bd3 Qc7 9. O-O dxe5 10. dxe5 Be7 11. Qe2 Bd7 12. Bd2 Na5 13. Nc3 Nxc3 14. Bxc3 Nb3 15. Rad1 Bc6 16. Bc2 Qb6 17. Qc4 $14 Bxf3 18. gxf3 Nc5 19. b4 Na6 20. Ba4+ Kf8 21. Rd7 1-0

[Event "SVK-ch Open 2018"]
[Site "Banska Stiavnica"]
[Date "2018.07.08"]
[Round "2"]
[White "Kantorik, Marian"]
[Black "Bartek, Ladislav"]
[Result "1/2-1/2"]
[ECO "A69"]
[WhiteElo "2260"]
[BlackElo "2049"]
[Annotator "NA"]
[PlyCount "67"]
[EventDate "2018.07.07"]
[EventType "swiss"]
[EventCountry "SVK"]
[SourceTitle "playchess.com"]
[Source "ChessBase"]
[SourceQuality "1"]
[TimeControl "40/5400+30:1800+30"]

1. d4 Nf6 2. c4 g6 3. Nc3 Bg7 4. e4 d6 5. f4 O-O 6. Nf3 c5 7. d5 e6 8. Be2 exd5 9. cxd5 Re8 10. e5 dxe5 11. fxe5 Ng4 12. e6 fxe6 {[%emt 0:00:22] A69: Modern Benoni: Four Pawns Attack with 9...Re8} 13. d6 (13. Bg5 Qb6 14. Qd2 c4 15. O-O-O exd5 16. Nxd5 Qxb2+ 17. Qxb2 Bxb2+ 18. Kxb2 Rxe2+ 19. Kc3 Nc6 20. Rhe1 Rxe1 21. Rxe1 {1-0 (31) Jobava,B (2704)-Ponkratov,P (2611) Moscow 2012}) 13... Nc6 14. O-O Nd4 {[%emt 0:01:18] LiveBook: 4 Games} 15. Ne4 Rf8 16. Bg5 Qb6 17. Nxd4 Bxd4+ 18. Kh1 Rxf1+ 19. Qxf1 Qxb2 $2 $146 ({Predecessor:} 19... Qc6 $1 $11 {und Schwarz steht sicher.} 20. Bf3 (20. Be7 Bd7 $11) 20... Qxe4 21. Bxe4 Nf2+ 22. Kg1 (22. Qxf2 Bxf2 23. Bxb7 Bxb7 $11) 22... Nxe4+ 23. Kh1 Nf2+ {½-½ (23) Wiewiora,E (2152)-Mroziak,M (2197) Polanica Zdroj 2012} 24. Kg1 Nh3+ 25. Kh1 Nf2+ 26. Kg1 Nh3+ 27. Kh1 Nf2+) 20. Rd1 Qc2 21. Qf3 Qxe4 22. Qxg4 Qxg4 23. Bxg4 Bd7 24. Re1 Kf7 25. h4 b5 26. h5 $19 a5 27. Rf1+ Kg8 28. Re1 Kf7 29. Rf1+ Kg8 30. Re1 Re8 31. Be7 Rxe7 32. dxe7 Kf7 33. hxg6+ hxg6 34. Bxe6+ 1/2-1/2

[Event "SVK-ch Open 2018"]
[Site "Banska Stiavnica"]
[Date "2018.07.08"]
[Round "2"]
[White "Franzen, Jozef"]
[Black "Posa, Norbert"]
[Result "0-1"]
[ECO "B13"]
[WhiteElo "2256"]
[BlackElo "2036"]
[Annotator "NA"]
[PlyCount "54"]
[EventDate "2018.07.07"]
[EventType "swiss"]
[EventCountry "SVK"]
[SourceTitle "playchess.com"]
[Source "ChessBase"]
[SourceQuality "1"]
[TimeControl "40/5400+30:1800+30"]

1. e4 c6 2. d4 d5 3. exd5 cxd5 4. Bd3 Nc6 5. c3 Qc7 6. Ne2 Bg4 7. f3 Bd7 8. Bf4 e5 {[%emt 0:00:31] B13: Caro-Kann: Exchange Variation and Panov-Botvinnik Attack} 9. dxe5 Nxe5 10. Bc2 Nf6 11. Nd2 Bd6 12. O-O h6 $146 ({Predecessor:} 12... O-O 13. Nd4 Rfe8 14. Bg3 Nh5 15. Re1 Nxg3 16. hxg3 {0-1 (27) Smith,R (2287)-Zhao,Z (2586) Rotorua 2011}) 13. Kh1 g5 14. Bg3 O-O-O 15. Nb3 h5 16. Qd4 b6 17. a4 h4 18. Be1 h3 $11 (18... Bc5 $17 19. Nxc5 bxc5) 19. g3 (19. g4 $11 {remains equal.}) 19... Bc5 20. Nxc5 bxc5 21. Qf2 g4 22. fxg4 Nfxg4 23. Qf4 Qb7 24. Bf5 d4+ 25. Qe4 Bxf5 26. Qxb7+ Kxb7 {[%emt 0:00:07] Rx} 27. Rxf5 d3 0-1

[Event "SVK-ch Open 2018"]
[Site "Banska Stiavnica"]
[Date "2018.07.08"]
[Round "2"]
[White "Sarkozy, Ladislav"]
[Black "Toma, Rudolf"]
[Result "1-0"]
[ECO "E08"]
[WhiteElo "2247"]
[BlackElo "2018"]
[Annotator "NA"]
[PlyCount "71"]
[EventDate "2018.07.07"]
[EventType "swiss"]
[EventCountry "SVK"]
[SourceTitle "playchess.com"]
[Source "ChessBase"]
[SourceQuality "1"]
[TimeControl "40/5400+30:1800+30"]

1. d4 d5 2. c4 e6 3. Nf3 Nf6 4. g3 Be7 5. Bg2 O-O 6. O-O Nbd7 7. Qc2 c6 8. Rd1 Ne4 9. b3 f5 10. e3 {[%emt 0:01:41] E08: Closed Catalan: Main Line: 7 Qc2} (10. Ba3 Bxa3 11. Nxa3 Qe7 12. Qb2 g5 13. Nc2 g4 14. Ne5 Nxe5 15. dxe5 Bd7 16. f3 gxf3 17. exf3 Ng5 18. f4 Ne4 19. cxd5 exd5 {½-½ (37) Govciyan,P (2417)-Chernuschevich,A (2533) France 2007}) 10... Ndf6 11. Ne5 $146 ({Predecessor:} 11. Ne1 Bd7 12. f3 Nd6 13. Nd3 Rc8 14. Ba3 b5 15. Nd2 a5 16. Nc5 b4 17. Bb2 Nf7 {½-½ (40) Giardelli,S (2425)-Monetti,C (1930) Vicente Lopez 1993}) 11... Bd7 12. Ba3 Be8 13. Bxe7 Qxe7 14. f3 Ng5 15. Nc3 Nd7 16. f4 Ne4 17. Nxe4 Nxe5 18. dxe5 dxe4 19. c5 a5 (19... Bh5 $142) 20. Rd6 Bh5 21. Qc4 Rfe8 22. Rc1 Rad8 23. Rc2 Rxd6 $18 24. cxd6 Qd7 25. Qc5 Ra8 26. Qb6 Kf8 27. Bf1 Ke8 28. Rc5 h6 29. Rxa5 Rxa5 30. Qxa5 Qc8 31. Qa7 g5 32. Ba6 gxf4 33. gxf4 Qd8 34. Bxb7 Qh4 35. Bxc6+ Kf8 36. Qe7+ 1-0

[Event "SVK-ch Open 2018"]
[Site "Banska Stiavnica"]
[Date "2018.07.08"]
[Round "2"]
[White "Molnar, Erno"]
[Black "Milcova, Zuzana"]
[Result "1/2-1/2"]
[ECO "B01"]
[WhiteElo "2231"]
[BlackElo "2002"]
[Annotator "NA"]
[PlyCount "99"]
[EventDate "2018.07.07"]
[EventType "swiss"]
[EventCountry "SVK"]
[SourceTitle "playchess.com"]
[Source "ChessBase"]
[SourceQuality "1"]
[TimeControl "40/5400+30:1800+30"]

1. e4 d5 2. exd5 Qxd5 3. Nc3 Qd6 4. d4 Nf6 5. Nf3 c6 6. Ne5 Nbd7 7. Nc4 Qe6+ 8. Be2 Nd5 9. O-O g6 10. Nxd5 cxd5 11. Ne3 Bg7 12. c3 O-O $14 13. a4 a5 14. b3 Nf6 15. Ba3 Bd7 16. Re1 Ne4 17. Qc2 Rac8 18. Nxd5 Qxd5 19. Bc4 Rxc4 20. bxc4 Qxc4 21. Qxe4 Qxc3 22. Bc5 Bc6 23. Qxe7 b6 24. Bxb6 Re8 25. Qxe8+ Bxe8 26. Rxe8+ Bf8 27. Rae1 Kg7 28. d5 Bd6 29. R8e4 Qb3 30. Bxa5 Qxd5 31. Bc3+ f6 32. g3 Qd3 33. Bb2 Bc5 34. Rf4 h5 35. Bxf6+ Kh7 36. Kg2 Qd5+ 37. Rfe4 g5 38. R1e2 g4 39. h3 gxh3+ 40. Kh2 Kg6 41. Bh4 Qd1 42. Re1 Qf3 43. Kxh3 Qf5+ 44. g4 hxg4+ 45. Rxg4+ Kh5 46. Reg1 Bd6 47. a5 Qf3+ 48. R4g3 Bxg3 49. Bxg3 Qf5+ 50. Kg2 1/2-1/2

[Event "SVK-ch Open 2018"]
[Site "Banska Stiavnica"]
[Date "2018.07.08"]
[Round "2"]
[White "Sikora, Jan"]
[Black "Antal, Jozsef"]
[Result "1-0"]
[ECO "C24"]
[WhiteElo "2209"]
[BlackElo "1995"]
[Annotator "NA"]
[PlyCount "61"]
[EventDate "2018.07.07"]
[EventType "swiss"]
[EventCountry "SVK"]
[SourceTitle "playchess.com"]
[Source "ChessBase"]
[SourceQuality "1"]
[TimeControl "40/5400+30:1800+30"]

1. e4 e5 2. Bc4 Nf6 3. d3 c6 4. Nf3 Be7 5. O-O d6 6. Re1 O-O 7. Bb3 Bg4 8. Nbd2 Nbd7 9. c3 Nc5 10. Bc2 Ne6 {[%emt 0:00:18] C24: Bishop's Opening: 2...Nf6} 11. h3 Bh5 12. Nf1 Nd7 13. Ng3 (13. g4 Bg6 14. Ng3 Ng5 15. Bxg5 Bxg5 16. d4 Bf4 17. Ne2 Qf6 18. Kg2 exd4 19. Nfxd4 {1-0 (33) Carlsen,M (2840)-Wei,Y (2706) Wijk aan Zee 2017 CBM 177 [Meier,G]}) 13... Bxf3 14. Qxf3 g6 15. Bh6 Re8 {[%emt 0:00:22] [#]} 16. b4 $146 ({Predecessor:} 16. Rad1 Bg5 17. Bxg5 Qxg5 18. d4 {½-½ (39) Zhao,J (2611)-Liu,Y (2505) Hangzhou 2018}) 16... Bg5 17. Bxg5 Qxg5 18. Bb3 a5 19. bxa5 Rxa5 20. d4 Qf4 $11 21. Qd3 exd4 22. cxd4 Rea8 23. Re3 Qf6 24. Rd1 d5 25. exd5 cxd5 26. Ne2 Nf4 27. Nxf4 Qxf4 28. Re7 Qd6 29. Rde1 b6 30. Qf3 Nf6 31. R1e6 1-0

[Event "SVK-ch Open 2018"]
[Site "Banska Stiavnica"]
[Date "2018.07.08"]
[Round "2"]
[White "Mrvova, Alena"]
[Black "Gajdosik, Andrej"]
[Result "1-0"]
[ECO "C65"]
[WhiteElo "2202"]
[BlackElo "1992"]
[Annotator "NA"]
[PlyCount "49"]
[EventDate "2018.07.07"]
[EventType "swiss"]
[EventCountry "SVK"]
[SourceTitle "playchess.com"]
[Source "ChessBase"]
[SourceQuality "1"]
[TimeControl "40/5400+30:1800+30"]

1. e4 e5 2. Nf3 Nc6 3. Bb5 Nf6 4. d3 Bc5 5. O-O d6 6. Be3 Bb6 7. c3 O-O 8. Nbd2 Ne7 9. d4 c6 10. Bd3 Ng6 11. Re1 h6 12. Nf1 Be6 13. Ng3 Ng4 14. Nf5 Nxe3 15. fxe3 Qd7 16. Qc2 Rad8 17. Rad1 $11 Qc7 18. c4 Qb8 19. Qf2 Ba5 20. Rf1 exd4 21. N3xd4 Ne5 22. Qg3 Ng6 23. Nxe6 fxe6 24. Nxh6+ Kh7 25. e5 1-0

[Event "SVK-ch Open 2018"]
[Site "Banska Stiavnica"]
[Date "2018.07.08"]
[Round "2"]
[White "Jamrich, Gyorgy"]
[Black "Dylag, Emilia"]
[Result "0-1"]
[ECO "B87"]
[WhiteElo "2200"]
[BlackElo "1935"]
[Annotator "NA"]
[PlyCount "101"]
[EventDate "2018.07.07"]
[EventType "swiss"]
[EventCountry "SVK"]
[SourceTitle "playchess.com"]
[Source "ChessBase"]
[SourceQuality "1"]
[TimeControl "40/5400+30:1800+30"]

1. e4 c5 2. Nf3 d6 3. d4 cxd4 4. Nxd4 Nf6 5. Nc3 {[%emt 0:00:07] LiveBook: 98595 Games} a6 6. Bc4 e6 7. Bb3 b5 8. O-O Be7 9. Be3 O-O 10. f3 Bb7 $146 {[%emt 0:03:17] B87: Sicilian Scheveningen/Najdorf: 6 Bc4, with early ...b5} (10... Bd7 11. Qd2 Nc6 12. Nxc6 Bxc6 13. Ne2 Qc7 14. Nd4 Bb7 15. Bxe6 fxe6 16. Nxe6 Qc6 17. Nxf8 Rxf8 18. a4 bxa4 {½-½ (69) Zhak,B (2597)-Freeman,M (2513) ICCF email 2015}) 11. a4 b4 12. Na2 d5 13. e5 Nfd7 14. f4 Nc6 15. c3 bxc3 16. Nxc3 Qb6 17. Bxd5 exd5 18. Nxd5 Qd8 19. Nf5 $15 Kh8 20. Rc1 Rc8 21. Rxc6 Rxc6 22. Nfxe7 Re6 23. Qb3 Qb8 24. Nf5 Bc6 25. Qa2 Rfe8 26. Bd4 Qb7 27. Nde3 Qb4 28. Rd1 Bxa4 29. Bc3 Qb5 30. Nd6 Qb6 31. Bd4 Qb4 32. b3 Bxb3 33. Qb2 a5 34. Nxe8 Bxd1 35. Qxb4 axb4 36. Nc7 Rc6 37. Ncd5 Rc1 38. Kf2 b3 39. f5 Nc5 40. g3 Nd3+ 41. Kg2 b2 42. e6 b1=Q 43. exf7 Nf4+ 44. gxf4 Qe4+ 45. Kg3 Qf3+ 46. Kh4 Qh5+ 47. Kg3 Qxf7 48. f6 g6 49. Nc3 Rxc3 50. Bxc3 Bb3 51. Ng4 0-1

[Event "SVK-ch Open 2018"]
[Site "Banska Stiavnica"]
[Date "2018.07.08"]
[Round "2"]
[White "Sikorova, Olga"]
[Black "Bochnicka, Vladimir"]
[Result "1-0"]
[ECO "A20"]
[WhiteElo "2193"]
[BlackElo "2092"]
[Annotator "NA"]
[PlyCount "61"]
[EventDate "2018.07.07"]
[EventType "swiss"]
[EventCountry "SVK"]
[SourceTitle "playchess.com"]
[Source "ChessBase"]
[SourceQuality "1"]
[TimeControl "40/5400+30:1800+30"]

1. c4 e5 2. g3 Nf6 3. Bg2 c6 4. d4 exd4 5. Qxd4 d5 6. cxd5 cxd5 7. Nf3 Nc6 8. Qd1 Bc5 9. O-O h6 10. Nc3 O-O 11. b3 a6 12. Bb2 Be6 13. e3 Rc8 14. Ne2 Qe7 15. Nfd4 Rfd8 16. Rc1 Ba7 17. Nxc6 bxc6 18. Qd3 Nd7 19. Qxa6 Nc5 20. Qa3 Ra8 21. Bd4 Qg5 22. Bxc5 Bxc5 23. Qxc5 Rxa2 24. Nd4 Bg4 25. Nxc6 Re8 26. Qxd5 Qf6 27. Qd4 Qf5 28. Ne7+ Rxe7 29. Qd8+ Kh7 30. Qxe7 Be2 31. Be4 1-0

[Event "SVK-ch Open 2018"]
[Site "Banska Stiavnica"]
[Date "2018.07.08"]
[Round "2"]
[White "Lintner, Igor"]
[Black "Istok, Vojtech"]
[Result "1-0"]
[ECO "B01"]
[WhiteElo "2173"]
[BlackElo "1971"]
[Annotator "NA"]
[PlyCount "163"]
[EventDate "2018.07.07"]
[EventType "swiss"]
[EventCountry "SVK"]
[SourceTitle "playchess.com"]
[Source "ChessBase"]
[SourceQuality "1"]
[TimeControl "40/5400+30:1800+30"]

1. e4 d5 2. Nc3 dxe4 3. Nxe4 Bf5 4. Qf3 Qd5 5. Bd3 Nc6 6. Nd6+ Qxd6 7. Bxf5 Nf6 8. c3 e6 9. Bc2 O-O-O 10. Ne2 Ne5 11. Qe3 Kb8 12. d4 Neg4 13. Qg3 Qxg3 14. Nxg3 Nd5 15. Ne4 Be7 16. h3 Ngf6 17. O-O h6 18. a4 a5 19. Nd2 Nb6 20. Nb3 Rd5 21. Re1 Rhd8 22. Nd2 c5 23. Bb3 R5d7 24. Nf3 c4 25. Bc2 Bd6 26. Bd2 Nfd5 27. g3 Rc7 28. Re4 Nd7 29. Rae1 N7f6 30. R4e2 Nd7 31. Bc1 Rg8 32. h4 Rd8 33. Kg2 Ka7 34. Nd2 N7f6 35. f4 g6 36. Nf3 Ng4 37. Ne5 h5 38. Kh3 Ngf6 39. Bd2 Rg8 40. Rf1 Ka6 41. Rf3 Ka7 42. b3 Nb6 43. Re1 Nfd5 44. Nxc4 Nxc4 45. bxc4 Rxc4 46. Bb3 Rgc8 47. Bxc4 Rxc4 48. Ra1 Nb6 49. Rff1 Nxa4 50. Rfb1 Ka6 51. Rb3 b6 52. Rab1 Rc8 53. Kg2 Be7 54. Kf2 Bf6 55. Ke2 Rc7 56. Ke3 Rd7 57. Ra3 b5 58. c4 Bxd4+ 59. Ke2 Nb6 60. Rxa5+ Kb7 61. Raxb5 Kc6 62. c5 Nc4 63. Rb8 Nxd2 64. Rc8+ Rc7 65. Rxc7+ Kxc7 66. Kxd2 Bxc5 67. Ke2 Bd4 68. Kf3 f5 69. Ke2 Kd6 70. Rb8 Ke7 71. Rb3 Kf6 72. Kd3 Bf2 73. Kc4 e5 74. Rf3 Bg1 75. fxe5+ Kxe5 76. Kd3 Bh2 77. Ke2 f4 78. Rxf4 Bxg3 79. Ra4 Kf5 80. Kf3 Be1 81. Rf4+ Ke5 82. Re4+ 1-0

[Event "SVK-ch Open 2018"]
[Site "Banska Stiavnica"]
[Date "2018.07.08"]
[Round "2"]
[White "Nogrady, Vilmos"]
[Black "Bidulsky, Matej"]
[Result "1-0"]
[ECO "C52"]
[WhiteElo "2154"]
[BlackElo "1471"]
[Annotator "NA"]
[PlyCount "111"]
[EventDate "2018.07.07"]
[EventType "swiss"]
[EventCountry "SVK"]
[SourceTitle "playchess.com"]
[Source "ChessBase"]
[SourceQuality "1"]
[TimeControl "40/5400+30:1800+30"]

1. e4 e5 2. Nf3 Nc6 3. Bc4 Bc5 4. b4 Bxb4 5. c3 Ba5 6. d4 exd4 7. O-O d6 8. Qb3 Qe7 9. cxd4 Nf6 10. e5 dxe5 11. Ba3 Bb4 12. dxe5 Ng4 13. Bxb4 Qxb4 14. Bxf7+ Ke7 15. Nc3 Qxb3 16. Bxb3 Be6 17. Bxe6 Kxe6 18. Ng5+ Kf5 19. f4 h6 20. Nge4 Rad8 21. h3 Ne3 22. Rf3 Nd5 23. g4+ Ke6 24. Nc5+ Ke7 25. Ne2 b6 26. Ne4 Rhf8 27. Raf1 Ndb4 28. N4g3 g6 29. Rc1 Kd7 30. e6+ Kd6 31. a3 Na6 32. f5 Nc5 33. Re3 Ne7 34. Nd4 Nd5 35. Rf3 Rde8 36. Re1 a6 37. Kg2 g5 38. Rd1 Nf4+ 39. Kh2 Nd5 40. Kg2 Nf4+ 41. Kh2 Nd5 42. Rd2 c6 43. Rf1 Kc7 44. Nf3 Ne3 45. Rc1 Nxe6 46. fxe6 Rxf3 47. Rd7+ Kb8 48. Rxc6 Rf2+ 49. Kh1 Rff8 50. Rxb6+ Kc8 51. Rc6+ Kb8 52. Ne4 Rf1+ 53. Kh2 Rd1 54. Nd6 Rd2+ 55. Kg1 Rxd6 56. Rcxd6 1-0

[Event "SVK-ch Open 2018"]
[Site "Banska Stiavnica"]
[Date "2018.07.08"]
[Round "2"]
[White "Bango, Lukas"]
[Black "Kuna, Martin"]
[Result "1-0"]
[ECO "D01"]
[WhiteElo "2148"]
[BlackElo "1947"]
[Annotator "NA"]
[PlyCount "37"]
[EventDate "2018.07.07"]
[EventType "swiss"]
[EventCountry "SVK"]
[SourceTitle "playchess.com"]
[Source "ChessBase"]
[SourceQuality "1"]
[TimeControl "40/5400+30:1800+30"]

1. d4 d5 2. Nc3 Nf6 3. Bg5 Bf5 4. e3 e6 5. Nf3 h6 6. Bh4 Be7 7. Bd3 Ne4 8. Bxe7 Qxe7 9. Bxe4 dxe4 10. Nd2 Qg5 11. Qe2 Nc6 12. O-O-O O-O-O 13. Ndxe4 Bxe4 14. Nxe4 Qa5 15. Qc4 Nb4 16. Kb1 f5 17. Qxe6+ Kb8 18. Nc3 Rd5 19. a3 1-0

[Event "SVK-ch Open 2018"]
[Site "Banska Stiavnica"]
[Date "2018.07.08"]
[Round "2"]
[White "Zatko, Gregor"]
[Black "Gzib, David"]
[Result "1/2-1/2"]
[ECO "E71"]
[WhiteElo "2144"]
[BlackElo "1939"]
[Annotator "NA"]
[PlyCount "47"]
[EventDate "2018.07.07"]
[EventType "swiss"]
[EventCountry "SVK"]
[SourceTitle "playchess.com"]
[Source "ChessBase"]
[SourceQuality "1"]
[TimeControl "40/5400+30:1800+30"]

1. d4 d6 2. e4 g6 3. c4 Nf6 4. Nc3 Bg7 5. h3 O-O 6. Nf3 Nbd7 7. Be2 e5 8. d5 Nc5 9. Qc2 a5 10. g4 c6 11. Bg5 Qc7 12. O-O-O Bd7 13. Kb1 Rab8 14. Be3 cxd5 15. Nxd5 Nxd5 16. cxd5 b6 17. Rc1 Qb7 18. Nd2 Rfc8 19. Nc4 Bf8 20. f3 a4 21. Qd2 b5 22. Bxc5 Rxc5 23. Na5 Qb6 24. b4 1/2-1/2

[Event "SVK-ch Open 2018"]
[Site "Banska Stiavnica"]
[Date "2018.07.08"]
[Round "2"]
[White "Brozyna, Mateusz"]
[Black "Druska, Juraj"]
[Result "0-1"]
[ECO "C11"]
[WhiteElo "2098"]
[BlackElo "2439"]
[Annotator "NA"]
[PlyCount "106"]
[EventDate "2018.07.07"]
[EventType "swiss"]
[EventCountry "SVK"]
[SourceTitle "playchess.com"]
[Source "ChessBase"]
[SourceQuality "1"]
[TimeControl "40/5400+30:1800+30"]

1. e4 e6 2. d4 d5 3. Nc3 Nf6 4. e5 Nfd7 5. f4 c5 6. Nf3 Nc6 7. Be3 Be7 8. Qd2 O-O {[%emt 0:00:06] LiveBook: 1004 Games} 9. dxc5 Bxc5 {[%emt 0:00:06] C11: French: Classical System: 4 e5 and 4 Bg5 dxe4} 10. O-O-O Qa5 11. a3 Rd8 12. Nd4 (12. Bxc5 Nxc5 13. h4 Bd7 14. h5 h6 15. g4 Be8 16. Qe3 d4 17. Nxd4 Nxd4 18. Rxd4 {½-½ (26) Inarkiev,E (2689)-Volkov,S (2645) St Petersburg 2017}) 12... Nxd4 13. Bxd4 Bxd4 14. Qxd4 Qc5 15. Nb5 $146 ({Predecessor:} 15. Ne2 b6 16. Qd3 a5 17. Nd4 {1-0 (55) Vishnu,P (2465)-Batchuluun,T (2521) Sharjah 2014}) 15... b6 16. c4 Bb7 17. Nd6 Bc6 18. Qxc5 bxc5 19. cxd5 Bxd5 20. Rd2 f6 21. Bb5 fxe5 22. Bxd7 Rxd7 23. fxe5 Rf8 24. Re1 h5 25. Ree2 Rf1+ 26. Rd1 Rf4 27. Rdd2 Rf1+ 28. Kc2 Rd8 29. Ne4 Rb8 30. Nxc5 Rc8 31. b4 a5 32. Kc3 Ra1 33. Rxd5 exd5 34. e6 Kf8 35. Kb2 Rf1 36. e7+ Ke8 37. Nb7 Rf6 38. Nxa5 Rc7 39. Re5 d4 40. Rxh5 Rd6 ({Worse is} 40... Rxe7 41. Kb3 $11) ({Much less strong is} 40... Kxe7 41. Rh3 $15) (40... Rc3 $19 {is more deadly.} 41. b5 Rf2+ 42. Kb1 Kxe7 43. Nc6+ Kd6 44. Nxd4 Rd3 45. Nf5+ Kc7) 41. b5 {[%emt 0:30:48] [#]} d3 $1 42. Nc6 Rxe7 43. Rh8+ Kf7 44. Rd8 Re2+ 45. Kb3 Rxd8 (45... Ree6 $142 46. Ne5+ Ke7 47. Nc6+ Rxc6 48. Rxd3 Rc1) 46. Nxd8+ Ke7 47. Nc6+ Kd6 $19 48. Kc3 d2 49. Kc2 Rxg2 50. h4 Kc5 51. a4 Rh2 52. Nd8 Kd4 53. Ne6+ Ke3 0-1

[Event "SVK-ch Open 2018"]
[Site "Banska Stiavnica"]
[Date "2018.07.08"]
[Round "2"]
[White "Kerdik, Adam"]
[Black "Kucera, Michal"]
[Result "1/2-1/2"]
[ECO "E32"]
[WhiteElo "2091"]
[BlackElo "1921"]
[Annotator "NA"]
[PlyCount "59"]
[EventDate "2018.07.07"]
[EventType "swiss"]
[EventCountry "SVK"]
[SourceTitle "playchess.com"]
[Source "ChessBase"]
[SourceQuality "1"]
[TimeControl "40/5400+30:1800+30"]

1. d4 Nf6 2. c4 e6 3. Nc3 Bb4 4. Qc2 O-O 5. Nf3 d5 6. cxd5 exd5 7. Bg5 Be6 8. a3 Be7 9. e3 h6 10. Bh4 Nbd7 11. b4 c6 $11 12. Bd3 a5 13. Rb1 axb4 14. axb4 Ne8 15. Bxe7 Qxe7 16. Na4 b5 17. Nc5 Nxc5 18. dxc5 Nc7 19. Nd4 Bd7 20. O-O g6 21. Ra1 Qe5 22. Qc3 Qg5 23. Nf3 Qe7 24. Rxa8 Rxa8 25. Ra1 Rxa1+ 26. Qxa1 Ne8 27. Qe5 Qxe5 28. Nxe5 Nf6 29. f3 Kf8 30. Kf2 1/2-1/2